 Dungeon Crawl Stone Soup version 0.30-a0-847-g17996783a1 (console) character file.

Game seed: 13772346341328468115

10283 jejorda2 the Impaler (level 11, -3/129 HPs)
             Began as a Merfolk Berserker on Mar 3, 2023.
             Was an Elder of Trog.
             Succumbed to Amaemon's poison
             ... on level 11 of the Dungeon.
             The game lasted 00:21:54 (11695 turns).

jejorda2 the Impaler (Merfolk Berserker)           Turns: 11695, Time: 00:21:55

Health: -3/129     AC: 13    Str: 22    XL:     11   Next: 59%
Magic:  11/11      EV:  7    Int:  7    God:    Trog [****..]
Gold:   659        SH:  5    Dex: 13    Spells: 10/10 levels left

rFire   + . .      SeeInvis .    a - +2 glaive (flame)
rCold   + + .      Faith    .    (shield currently unavailable)
rNeg    . . .      Spirit   .    C - +0 plate armour
rPois   .          Reflect  +    (no helmet)
rElec   .          Rampage  .    n - scarf {rC+ rF+}
rCorr   .                        (no gloves)
Will    .....                    l - +0 pair of boots Stlth
                                 B - amulet of reflection
HPRegen 0.41/turn                w - ring of protection from cold
MPRegen 0.12/turn                (no ring)

@: berserking, lethally poisoned (-3 -> -45), slowed
A: (nimble swimmer 2), mertail
a: Renounce Religion, Berserk, Trog's Hand, Brothers in Arms


You were on level 11 of the Dungeon.
You worshipped Trog.
Trog was greatly pleased with you.
You visited 1 branch of the dungeon, and saw 11 of its levels.
You also visited: Bailey.

You collected 715 gold pieces.
You spent 56 gold pieces at shops.

Inventory:

Hand Weapons
 a - a +2 glaive of flaming (weapon)
Missiles
 j - 41 stones (quivered)
 q - 2 curare-tipped darts
 u - 13 boomerangs
 F - 3 poisoned darts
Armour
 l - a +0 pair of boots (worn)
 n - a scarf of resistance (worn)
 s - a +2 cloak of preservation
 C - a +0 plate armour (worn)
Jewellery
 w - a ring of protection from cold (left hand)
 B - an amulet of reflection (around neck)
Wands
 b - a wand of flame (4)
 x - a wand of polymorph (17)
 D - a wand of acid (7)
Scrolls
 c - 2 scrolls of poison
 e - 5 scrolls of enchant weapon
 k - 3 scrolls of fear
 o - a scroll of silence
 t - a scroll of immolation
 y - 2 scrolls of enchant armour
 G - a scroll of fog
 I - a scroll of teleportation
Potions
 d - 3 potions of might
 f - 3 potions of heal wounds
 g - 10 potions of curing
 h - 2 potions of haste
 i - 2 potions of mutation {unknown}
 m - a potion of berserk rage
 p - 3 potions of flight
 r - 2 potions of cancellation
 v - 2 potions of invisibility {unknown}
 z - 2 potions of lignification
 A - 2 potions of brilliance {unknown}
 E - 2 potions of attraction {unknown}
 J - a potion of magic {unknown}
Miscellaneous
 H - a lightning rod (4/4)


   Skills:
 + Level 8.1 Fighting
 * Level 17.5 Polearms
 - Level 6.0 Throwing
 - Level 6.0 Armour
 - Level 2.6 Dodging


You had 10 spell levels left.
You didn't know any spells.
Your spell library was empty.

Dungeon Overview and Level Annotations

Branches:
Dungeon (11/15)            Temple (0/1) D:5             Orc (0/2) D:10
 Bailey (visited)
   Lair: D:8-11

Altars:
Ashenzari
Cheibriados
Dithmenos
Elyvilon
Gozag
Nemelex Xobeh
Qazlal
Sif Muna
Trog
Uskayaw
Wu Jian
Yredelemnul
The Shining One

Shops:
D:3 !

Annotations:
D:8 3 runed translucent doors, SkeletonJelly's ghost, novice SpBr; barkas's ghost, novice DsCA
D:9 3 runed translucent doors, qeuew's ghost, novice MfGl
D:10 1 runed translucent door, Newt's ghost, journeyman KoHu
D:11 Amaemon


Innate Abilities, Weirdness & Mutations

((You are very nimble when in or above water. (Stealth+, EV+, Speed+++)))
Your lower body shifts to a powerful aquatic tail in water.


Message History

You block Amaemon's attack.
Amaemon tail-slaps you but does no damage.
A red film seems to cover your vision as you go berserk!
You feel yourself moving faster!
You feel mighty!
You feel very sick.
You block Amaemon's attack. x2; Amaemon tail-slaps you.
Amaemon hits you with a +0 demon whip of venom.
You are more poisoned.
Amaemon claws you but does no damage. You block Amaemon's attack.
You closely miss Amaemon.
Amaemon is lightly wounded.
You feel very sick.
You slash Amaemon! You burn Amaemon.
Amaemon is moderately wounded.
You feel very sick. Amaemon closely misses you.
Amaemon claws you but does no damage. Amaemon barely misses you.
You slice Amaemon!! You burn Amaemon.
Amaemon is heavily wounded.
You feel very sick.
Amaemon hits you with a +0 demon whip of venom!
* * * LOW HITPOINT WARNING * * *
You are more poisoned.
Amaemon claws you.
* * * LOW HITPOINT WARNING * * *
Amaemon tail-slaps you.
* * * LOW HITPOINT WARNING * * *
You slash Amaemon! You burn Amaemon.
Amaemon is severely wounded.
* * * LOW HITPOINT WARNING * * *
You feel very sick.
Amaemon hits you with a +0 demon whip of venom.
* * * LOW HITPOINT WARNING * * *
You are more poisoned.
Amaemon claws you!
* * * LOW HITPOINT WARNING * * *
Amaemon tail-slaps you but does no damage.
You miss Amaemon.
Amaemon is severely wounded.
You die...

####.####.....# ##.#
#.......#.....# #..#
#.##.#........# #.##
#.##.#..#...).# #.#
#.#..........<#### #.#
#.#.##..##...).).# #.#
#.#.##..##.#####.# #.#
#......6##.#####.####.#
###.#..@##.##.........#
#.#.#†......##.######
......†)##.#####.#
.##.##.###.......#
#.... ######### .#### .


You could see Amaemon.

Vanquished Creatures
  An orc high priest (Bailey)
  An orc knight (Bailey)
  Pikel (D:6)
  A cyclops (D:6)
  An ugly thing (D:11)
  Maurice (D:10)
  An orange demon (D:11)
  A kobold demonologist (Bailey)
  2 trolls
  2 wyverns
  2 wraiths (D:10)
  6 yaks
  A vampire (D:10)
  A steam dragon (D:9)
  2 wargs (D:10)
  Edmund (D:5)
  3 water moccasins
  A black bear (D:5)
  10 orc warriors
  A sky beast (D:6)
  4 centaurs
  A lemure (D:6)
  A phantom (D:5)
  3 kobold brigands
  5 bullfrogs
  4 scorpions
  11 killer bees (D:9)
  4 electric eels
  2 howler monkeys
  4 quasits (D:6)
  Crazy Yiuf (D:3)
  2 gnoll boudas
  6 hounds
  4 jellies
  3 orc priests
  3 iguanas
  12 orc wizards
  14 gnolls
  2 adders
  4 shadow imps
  8 white imps
  5 ufetubi
  A worm (D:5)
  2 dart slugs
  41 orcs
  3 ball pythons
  3 bats
  2 endoplasms (D:2)
  2 giant cockroaches (D:2)
  10 goblins
  9 hobgoblins
  4 jackals (D:1)
  3 quokkas (D:4)
  4 frilled lizards (D:1)
  16 kobolds
  6 rats
249 creatures vanquished.

Vanquished Creatures (collateral kills)
  A white imp (D:7)
1 creature vanquished.

Vanquished Creatures (others)
  2 fungi (D:10)
  4 plants (D:10)
6 creatures vanquished.

Grand Total: 256 creatures vanquished

Notes
Turn   | Place    | Note
-------+----------+-------------------------------------------
     0 | D:1      | jejorda2 the Merfolk Berserker began the quest for the Orb.
     0 | D:1      | Reached XP level 1. HP: 18/18 MP: 1/1
    52 | D:1      | Reached XP level 2. HP: 23/24 MP: 2/2
   674 | D:2      | Reached skill level 5 in Polearms
   765 | D:2      | Reached XP level 3. HP: 30/30 MP: 3/3
  1076 | D:2      | Found a faded altar of an unknown god.
  1086 | D:2      | Reached ** piety under Trog
  1313 | D:3      | Found Jogef's Distillery.
  1328 | D:3      | Bought a potion of might for 56 gold pieces
  1477 | D:3      | Reached XP level 4. HP: 16/37 MP: 4/4
  1606 | D:3      | Found a runed translucent door.
  1607 | D:3      | Noticed Crazy Yiuf
  1618 | D:3      | Killed Crazy Yiuf
  1619 | D:3      | Reached skill level 6 in Polearms
  1873 | D:3      | Found a sparkling altar of Nemelex Xobeh.
  1950 | D:4      | Noticed a bullfrog
  1955 | D:4      | Killed a bullfrog
  1956 | D:4      | Reached XP level 5. HP: 43/43 MP: 5/5
  2043 | D:4      | Reached skill level 7 in Polearms
  2043 | D:4      | Reached XP level 6. HP: 20/50 MP: 6/6
  2317 | D:4      | Reached skill level 5 in Fighting
  2770 | D:5      | Entered Level 5 of the Dungeon
  2821 | D:5      | Noticed a black bear
  2830 | D:5      | Reached skill level 8 in Polearms
  2834 | D:5      | Killed a black bear
  2835 | D:5      | Reached XP level 7. HP: 56/56 MP: 7/7
  3092 | D:5      | Found a white marble altar of Elyvilon.
  3252 | D:5      | Found a staircase to the Ecumenical Temple.
  3442 | D:5      | Noticed Edmund
  3464 | D:5      | Killed Edmund
  3465 | D:5      | Reached skill level 9 in Polearms
  3638 | D:5      | Found a bloodstained altar of Trog.
  4294 | D:6      | Reached XP level 8. HP: 47/64 MP: 8/8
  4380 | D:6      | Found an ornate altar of the Wu Jian Council.
  4446 | D:6      | Reached skill level 10 in Polearms
  4677 | D:6      | Noticed Pikel
  4691 | D:6      | Killed Pikel
  4692 | D:6      | Reached skill level 11 in Polearms
  5016 | D:6      | Noticed a yak
  5025 | D:6      | Killed a yak
  5026 | D:6      | Reached skill level 12 in Polearms
  5026 | D:6      | Reached XP level 9. HP: 69/69 MP: 9/9
  5086 | D:6      | HP: 3/103 [something (5)]
  5493 | D:6      | Noticed a troll
  5493 | D:6      | Noticed a cyclops
  5511 | D:6      | Killed a troll
  5512 | D:6      | Reached skill level 13 in Polearms
  5515 | D:6      | Killed a cyclops
  5516 | D:6      | Reached skill level 5 in Armour
  5994 | D:7      | Reached skill level 14 in Polearms
  6211 | D:7      | Reached *** piety under Trog
  6293 | D:7      | Found a snail-covered altar of Cheibriados.
  6634 | D:8      | Reached XP level 10. HP: 76/76 MP: 10/10
  6866 | D:8      | Found a hide-covered altar of Uskayaw.
  7016 | D:8      | Reached skill level 15 in Polearms
  7443 | D:8      | Found a runed translucent gate.
  7443 | D:8      | Found a runed translucent gate.
  7444 | D:8      | Found a runed translucent gate.
  7446 | D:8      | Noticed barkas's ghost (novice DsCA)
  7446 | D:8      | Noticed SkeletonJelly's ghost (novice SpBr)
  7498 | D:8      | Reached skill level 1 in Throwing
  7637 | D:8      | Found a stormy altar of Qazlal.
  7955 | D:8      | Found a shimmering blue altar of Sif Muna.
  8450 | D:9      | Found a broken altar of Ashenzari.
  8764 | D:9      | Found a runed translucent gate.
  8764 | D:9      | Found a runed translucent gate.
  8764 | D:9      | Found a runed translucent gate.
  8770 | D:9      | Noticed qeuew's ghost (novice MfGl)
  8946 | D:9      | Reached skill level 16 in Polearms
  9173 | D:10     | Entered Level 10 of the Dungeon
  9189 | D:10     | Found a glowing golden altar of the Shining One.
  9190 | D:10     | Found an opulent altar of Gozag.
  9193 | D:10     | Noticed Maurice
  9230 | D:10     | Found a flagged portal.
  9238 | Bailey   | Entered a bailey
  9422 | Bailey   | Noticed an orc high priest
  9424 | Bailey   | Noticed a rust devil
  9435 | Bailey   | Killed an orc high priest
  9436 | Bailey   | Reached skill level 5 in Throwing
  9436 | Bailey   | Reached XP level 11. HP: 83/83 MP: 11/11
  9929 | Bailey   | Noticed an orc knight
  9948 | Bailey   | Killed an orc knight
 10049 | Bailey   | Found an iron altar of Okawaru.
 10370 | Bailey   | Acquired a +2 glaive of flaming
 10460 | D:10     | Killed Maurice
 10495 | D:10     | Found a staircase to the Orcish Mines.
 10554 | D:10     | Reached **** piety under Trog
 10626 | D:10     | Reached skill level 17 in Polearms
 10770 | D:10     | Found a basalt altar of Yredelemnul.
 10824 | D:10     | Found a shadowy altar of Dithmenos.
 11088 | D:10     | Found a runed translucent door.
 11091 | D:10     | Noticed Newt's ghost (journeyman KoHu)
 11183 | D:10     | Identified the +2 trident of Anguish {flame, rF+ rC- rCorr
                  | Dex+3}
 11551 | D:11     | Noticed a red ugly thing
 11561 | D:11     | Killed a red ugly thing
 11684 | D:11     | Noticed Amaemon
 11694 | D:11     | HP: 5/129 [Amaemon/+0 demon whip of venom (9)]
 11695 | D:11     | Succumbed to Amaemon's poison

Illustrated notes

Levels and vault maps discovered:
D:1:      dpeg_arrival_orchard, layout_loops_ring, minmay_misc_feat_four_crosses
D:2:      layout_loops_ring, shapermc_ecumenical_altar_starsandcircs,
          kennysheep_boxes
D:3:      layout_rooms, nemelex_diamond_rough_becter, serial_shops,
          nicolae_shop_crystal, uniq_crazy_yiuf_cottage
D:4:      layout_loops_cross
D:5:      layout_layer_cave, mainiacjoe_overflow_brackets, pf_just_have_faith,
          minmay_temple_entry_stoned_glass, uniq_edmund
D:6:      layout_loops_corners, mainiacjoe_overflow_boulevard, serial_demonic,
          serial_demonic_e, serial_demonic_a, serial_demonic_a,
          serial_demonic_f, serial_demonic_f, serial_demonic_c,
          serial_demonic_e, serial_demonic_f, grunt_ministairs_4,
          minmay_divided_ellipse, uniq_pikel
D:7:      layout_rooms, mainiacjoe_overflow_concentric_impassable
D:8:      layout_gridville, nicolae_uskayaw_dance_studio, lemuel_blue_sif_altar,
          nicolae_qazlal_eye_of_the_storm, gammafunk_ghost_cemetery
D:9:      layout_loops_corners, evilmike_ruin_ashenzari,
          gammafunk_ghost_spectres
D:10:     layout_roguey, mainiacjoe_overflow_catch_the_wave,
          nicolae_overflow_two_pavilions, minmay_orc_entry_guard_dogs,
          ebering_ghost_funeral_grove, enter_bailey_2, uniq_maurice
D:11:     layout_loops_cross, david_lair_shrubbed, uniq_fannar, uniq_snorg,
          uniq_amaemon

Skill      XL: |  1  2  3  4  5  6  7  8  9 10 11 |
---------------+----------------------------------+-----
Polearms       | 5 6 7 8 9 12 14 16 17 | 17.5
Fighting       | 4 5 6 8 |  8.1
Armour         | 2 4 5 6 |  6.0
Throwing       | 5 6 |  6.0
Dodging        | |  2.6

Action                     |  1- 3 |  4- 6 |  7- 9 | 10-12 || total
---------------------------+-------+-------+-------+-------++-------
  Melee: Spear             |   110 |    96 |   104 |       ||   310
         Tailslap          |     2 |       |       |     9 ||    11
         Punch             |       |     1 |     2 |       ||     3
         Halberd           |       |       |   279 |   348 ||   627
         Glaive            |       |       |       |    73 ||    73
  Throw: Stone             |     1 |     2 |    25 |    13 ||    41
 Invoke: Berserk           |     1 |     5 |     8 |     8 ||    22
         Trog's Hand       |       |     1 |     7 |     4 ||    12
    Use: Scroll            |       |     4 |    13 |     4 ||    21
         Potion            |       |     1 |       |       ||     1
   Stab: Sleeping          |     1 |       |       |       ||     1
 Armour: Animal skin       |     7 |       |       |       ||     7
         Ring mail         |     8 |       |       |       ||     8
         Scale mail        |       |    25 |    17 |       ||    42
         Chain mail        |       |       |   115 |    64 ||   179
         Plate armour      |       |       |       |    33 ||    33
  Dodge: Dodged            |    34 |    29 |   106 |    88 ||   257
  Block: Other             |       |       |    16 |    78 ||    94
         Reflection        |       |       |     2 |     3 ||     5

Table legend: (Time is in decaauts)
 A = Elapsed time spent in this place.
 B = Non-inter-level travel time spent in this place.
 C = Inter-level travel time spent in this place.
 D = Time resting spent in this place.
 E = Time spent auto-exploring this place.
 F = Levels seen in this place.
 G = Mean time per level.
                   A        B        C        D        E       F      G
               +--------+--------+--------+--------+--------+-----+--------+
         Total |  11547 |  11145 |    402 |   1279 |   7933 |  12 |  962.2 |
       Dungeon |  10482 |  10080 |    402 |    865 |   7584 |  11 |  952.9 |
        Bailey |   1064 |   1064 |      0 |    414 |    349 |   1 | 1064.0 |
               +--------+--------+--------+--------+--------+-----+--------+

Top non-repeatable levels by time:
     D:6: 1645 daAuts
     D:5: 1548 daAuts
     D:8: 1370 daAuts
     D:9: 1164 daAuts
  Bailey: 1064 daAuts
    D:10: 1019 daAuts
     D:4: 755 daAuts
     D:3: 741 daAuts
     D:7: 678 daAuts
     D:2: 662 daAuts
     D:1: 577 daAuts
    D:11: 319 daAuts
